 Dungeon Crawl Stone Soup version 0.19-b1-4-gd8a0a2a (webtiles) character file.

35 Gorglomux the Stinger (level 3, -1/28 HPs)
             Began as a Naga Venom Mage on Oct 30, 2016.
             Slain by an adder (4 damage)
             ... on level 2 of the Dungeon on Oct 31, 2016.
             The game lasted 00:04:58 (667 turns).

Gorglomux the Stinger (Naga Venom Mage)              Turns: 667, Time: 00:04:59

Health: -1/28      AC:  2    Str: 10    XL:     3   Next: 35%
Magic:  2/7        EV: 10    Int: 16    God:
Gold:   99         SH:  2    Dex: 11    Spells: 1 memorised, 6 levels left

rFire  . . .     SeeInvis +     e - +0 short sword
rCold  . . .     Gourm    .     a - +0 robe
rNeg   . . .     Faith    .     (no shield)
rPois  +         Spirit   .     (no helmet)
rElec  .         Reflect  +     (no cloak)
rCorr  .         Harm     .     (no gloves)
MR     .....                    (no barding)
Stlth  ++........               h - +2 amulet of reflection
                                (no ring)
                                (no ring)

@: short of breath, very slow
A: see invisible, deformed body, poison resistance, slowness 2, slow metabolism
1, spit poison 1, AC +1
a: Spit Poison


You were on level 2 of the Dungeon.
You were not hungry.

You visited 1 branch of the dungeon, and saw 2 of its levels.

You collected 99 gold pieces.

Inventory:

Hand Weapons
 e - a +0 short sword (weapon)
Armour
 a - a +0 robe (worn)
Jewellery
 h - a +2 amulet of reflection (around neck)
Scrolls
 d - a scroll of random uselessness {unknown}
 g - a scroll of remove curse {unknown}
Books
 b - a Young Poisoner's Handbook

   Spells                             Type                      Level
   a - Sting                          Conjuration/Poison           1
   b - Mephitic Cloud                 Conjuration/Poison/Air       3
   c - Olgreb's Toxic Radiance        Poison                       4
   d - Alistair's Intoxication        Transmutation/Poison         5
   e - Venom Bolt                     Conjuration/Poison           5
Comestibles
 c - 2 bread rations
 f - 2 slices of pizza


   Skills:
 - Level 1.5 Dodging
 - Level 3.0 Stealth
 + Level 2.7 Spellcasting
 + Level 6.0 Poison Magic


You had 6 spell levels left.
You knew the following spells:

 Your Spells              Type           Power        Failure   Level  Hunger
a - Sting                 Conj/Pois      ##..         8%          1    #......


Dungeon Overview and Level Annotations

Branches:
Dungeon (2/15)

Altars:
Cheibriados


Innate Abilities, Weirdness & Mutations

You cannot wear boots.
Your serpentine skin is tough. (AC +1)
You have supernaturally acute eyesight. (SInv)
Armour fits poorly on your strangely shaped body.
Your system is resistant to poisons. (rPois)
You cover ground very slowly.
You have a slow metabolism.
You can spit poison.


Message History

The bat barely misses you. The adder bites you. The quokka bites you.
* * * LOW HITPOINT WARNING * * *
Your magical contamination has completely faded away.
The adder bites you.
* * * LOW HITPOINT WARNING * * *
Casting: Sting
Confirm with . or Enter, or press ? or * to list all spells.
Aiming: Sting
Press: ? - help, Shift-Dir - straight line, f/p - quokka
Aim: a quokka (almost dead)
The sting hits the adder.
The adder is poisoned.
The adder is lightly wounded.
You block the adder's attack. The adder bites you.
* * * LOW HITPOINT WARNING * * *
Press: ? - help, Shift-Dir - straight line, f/p - quokka
Aim: a quokka (almost dead)
The splash of poison misses the adder.
The splash of poison misses the quokka.
You feel slightly more hungry. The adder bites you.
You die...

#....>..#># #.###
#.#######.# #.#
####.#######.#########.#
#.........).........##.#
#.##...####.....###.##.#####
#.####..###.###.##.........#
#.# #......# #.....##.###.#
#.####..###.###.###.##.###.#
#†...........rS@.......##..#
######.....w.b#####.#..##.##
#..####### #.#..##.#
#......# #.#..##.# ##.###.#
#.#..##.# #.# #.#.....#
#w†.# #.##.#..# ...#... #.
#.#..# #w#. .##.. #.#.)#


You could see an adder, a dart slug, a quokka and a bat.

Vanquished Creatures
  A worm (D:2)
  A dart slug (D:2)
  A leopard gecko (D:2)
  2 giant cockroaches (D:2)
  4 goblins
  2 hobgoblins
  4 bats
  6 frilled lizards
  4 kobolds
  6 rats
31 creatures vanquished.

Notes
Turn   | Place    | Note
-------+----------+-------------------------------------------
     0 | D:1      | Gorglomux the Naga Venom Mage began the quest for the Orb.
     0 | D:1      | Reached XP level 1. HP: 15/15 MP: 3/3
    80 | D:1      | Reached XP level 2. HP: 13/22 MP: 1/5
   479 | D:2      | Reached XP level 3. HP: 15/28 MP: 0/6
   542 | D:2      | Reached skill level 6 in Poison Magic
   547 | D:2      | Found a snail-covered altar of Cheibriados.
   667 | D:2      | Slain by an adder

Skill      XL: |  1  2  3 |
---------------+----------+-----
Poison Magic   | 6 |  6.0
Dodging        | |  1.5
Stealth        | |  3.0
Spellcasting   | |  2.7

Action                   || total
-------------------------++-------
Melee: Unarmed           ||     5
       Short sword       ||    13
 Cast: Sting             ||    36
 Abil: Spit Poison       ||    10
Armor: Robe              ||     7
Dodge: Dodged            ||    19
Block: Other             ||     2
